 Dungeon Crawl Stone Soup version 0.30.1-9-gdf580d7c3d (webtiles) character file.

Game seed: 11315112094167674722

326 KittyFluff the Cudgeller (level 6, 0/57 HPs)
             Began as a Gargoyle Berserker on Oct 6, 2023.
             Was a Believer of Trog.
             Slain by a black bear (11 damage)
             ... on level 4 of the Dungeon.
             The game lasted 00:12:12 (2884 turns).

KittyFluff the Cudgeller (Gargoyle Berserker)       Turns: 2884, Time: 00:12:13

Health: 0/57       AC:  9    Str: 23    XL:     6   Next: 49%
Magic:  6/6        EV: 12    Int:  7    God:    Trog [**....]
Gold:   206        SH:  0    Dex:  9    Spells: 5/5 levels left

rFire   + . .        a - +0 mace
rCold   . . .        (no shield)
rNeg    + . .        e - +0 leather armour
rPois   ∞            (no helmet)
rElec   +            g - +0 cloak
rCorr   .            (no gloves)
SInv    .            (no boots)
Will    +....        (no amulet) Stlth
                     k - ring of willpower
HPRegen 0.29/turn    n - ring of protection from fire
MPRegen 0.10/turn

%: no passive effects
@: berserking, very quick
A: sickness immunity, AC +4, negative energy resistance 1, electricity
resistance, torment resistance 1, petrification resistance
a: Renounce Religion, Berserk, Trog's Hand


You were on level 4 of the Dungeon.
You worshipped Trog.
Trog was pleased with you.
You visited 1 branch of the dungeon, and saw 4 of its levels.

You collected 206 gold pieces.

Inventory:

Hand Weapons
 a - a +0 mace (weapon)
 m - the +7 great mace "Undeadhunter" {deathbane, rN+}
   (You found it on level 4 of the Dungeon)

   rN:        It protects you from negative energy.
Armour
 e - a +0 leather armour (worn)
 g - a +0 cloak (worn)
Jewellery
 k - a ring of willpower (left hand)
 n - a ring of protection from fire (right hand)
 w - an amulet of faith
Scrolls
 f - a scroll of butterflies {unknown}
 h - 2 scrolls of fear {unknown}
 j - a scroll of teleportation {unknown}
 l - 3 scrolls of amnesia {unknown}
 p - a scroll of poison {unknown}
 q - 2 scrolls of brand weapon {unknown}
 r - 2 scrolls of vulnerability {unknown}
 v - a scroll of enchant weapon {unknown}
Potions
 c - a potion of mutation
 d - 4 potions of curing
 i - a potion of resistance
 o - a potion of haste
 s - a potion of lignification {unknown}
 t - a potion of flight {unknown}
 u - a potion of might {unknown}


   Skills:
 + Level 4.3 Fighting
 * Level 4.6 Maces & Flails
 * Level 4.5 Armour
 + Level 2.6 Dodging


You had 5 spell levels left.
You didn't know any spells.
Your spell library was empty.

Dungeon Overview and Level Annotations

Branches:
Dungeon (4/15)
 Temple: D:4-7

Altars:
Sif Muna


Innate Abilities, Weirdness & Mutations

You are immune to sickness and miasma.
Your stone body is resilient. (AC +4)
You are immune to poison.
You resist negative energy. (rN+)
You are resistant to electric shocks. (rElec)
You are resistant to unholy torment.
You are immune to petrification.


Message History

The black bear misses you.
The black bear claws you but does no damage.
The black bear bites you. The black bear claws you.
The black bear barely misses you.
You closely miss the black bear.
The black bear bites you but does no damage.
The black bear claws you.
The black bear claws you but does no damage.
You hit the black bear but do no damage.
The black bear bites you. The black bear claws you.
The black bear barely misses you.
You barely miss the black bear.
The black bear bites you but does no damage.
The black bear claws you but does no damage.
The black bear barely misses you.
You hit the black bear but do no damage.
The black bear closely misses you.
The black bear claws you but does no damage. x2
You closely miss the black bear. The black bear barely misses you. x2
The black bear claws you. The black bear bites you.
The black bear closely misses you.
The black bear claws you but does no damage.
You hit the black bear.
The black bear is lightly wounded.
The black bear bites you.
* * * LOW HITPOINT WARNING * * *
The black bear claws you but does no damage.
The black bear claws you.
* * * LOW HITPOINT WARNING * * *
A red film seems to cover your vision as you go berserk!
You feel yourself moving faster!
You feel mighty! The black bear misses you. The black bear closely misses you.
The black bear claws you.
* * * LOW HITPOINT WARNING * * *
You sock the black bear!
The black bear is severely wounded.
The black bear goes berserk!
You hit the black bear.
The black bear is severely wounded.
The black bear bites you!
You die...

.........## .......
#.........##............
#.......#..#..........$.
#........##...........>.
#........###............
#.........# #.[.........
##........## ##........#
#.........# ##..h...#
##....[...# #..@...#
#...<....###.....##
##........#...#..#
#...........###.#
##.........## #.#
###......## ... ##.....#
... ##...## #.. #..###


You could see a black bear (berserk).

Vanquished Creatures
  Sigmund (D:2)
  An iguana (D:3)
  2 orc wizards
  3 adders
  3 worms
  7 orcs
  6 endoplasms
  A giant cockroach (D:1)
  5 goblins
  3 hobgoblins
  3 jackals (D:1)
  2 quokkas
  5 ball pythons
  A bat (D:3)
  3 frilled lizards
  6 kobolds
  3 rats
55 creatures vanquished.

Notes
Turn   | Place    | Note
-------+----------+-------------------------------------------
     0 | D:1      | KittyFluff the Gargoyle Berserker began the quest for the
                  | Orb.
     0 | D:1      | Reached XP level 1. HP: 14/14 MP: 1/1
   336 | D:1      | Reached XP level 2. HP: 19/19 MP: 2/2
   729 | D:1      | Found Votoqeiblo's Distillery.
   986 | D:2      | Noticed Sigmund
  1001 | D:2      | Killed Sigmund
  1002 | D:2      | Reached XP level 3. HP: 4/24 MP: 3/3
  1002 | D:2      | Reached XP level 4. HP: 4/29 MP: 4/4
  1002 | D:2      | Reached XP level 5. HP: 5/33 MP: 5/5
  1223 | D:2      | You fall into a shaft and drop 2 floors!
  1388 | D:4      | Found the +7 great mace "Undeadhunter" {deathbane, rN+}
  1444 | D:4      | Reached XP level 6. HP: 30/38 MP: 6/6
  1479 | D:3      | Reached ** piety under Trog
  2280 | D:2      | Found a faded altar of an unknown god.
  2772 | D:3      | Found a shimmering blue altar of Sif Muna.
  2870 | D:4      | Noticed a black bear
  2884 | D:4      | Slain by a black bear

Illustrated notes

Levels and vault maps discovered:
D:1:      dpeg_arrival_morbid_curiosity, layout_loops_cross, serial_shops,
          nicolae_shop_tiny_real_fake_doors, minmay_tripent
D:2:      layout_loops_cross, hellmonk_ecumenical_altar_heavens_door,
          minmay_door_square, uniq_sigmund
D:3:      layout_basic, lemuel_blue_sif_altar, amethyst_killhole
D:4:      layout_cave_pods, minmay_temple_entry_slanted

Skill      XL: |  1  2  3  4  5 |
---------------+----------------+-----
Fighting       | 4 |  4.3
Maces & Flails | 4 |  4.6
Armour         | 3 4 |  4.5
Dodging        | 2 |  2.6

Action                     |  1- 3 |  4- 6 || total
---------------------------+-------+-------++-------
  Melee: Mace              |    71 |   149 ||   220
         Punch             |     2 |     1 ||     3
 Invoke: Berserk           |     1 |     1 ||     2
    Use: Scroll            |       |     4 ||     4
 Armour: Animal skin       |    25 |    56 ||    81
         Leather armour    |       |     9 ||     9
  Dodge: Dodged            |    44 |    86 ||   130
